 Dungeon Crawl Stone Soup version 0.22.1-1-ga44c0e5 (webtiles) character file.

598615 aMcNicky the Slayer (level 27, -18/242 HPs)
             Began as a Merfolk Fighter on Oct 13, 2018.
             Was the Champion of Ashenzari.
             Killed from afar by a hellion (39 damage)
             ... with damnation
             ... on level 15 of the Dungeon on Oct 16, 2018.
             The game lasted 06:42:52 (85502 turns).

aMcNicky the Slayer (Merfolk Fighter)              Turns: 85502, Time: 06:42:54

Health: -18/242    AC: 32    Str: 22    XL:     27
Magic:  20/23      EV: 44    Int: 16    God:    Ashenzari [******]
Gold:   1255       SH: 24    Dex: 18    Spells: 24/40 levels left

rFire    + + +     SeeInvis +   Q - +7 eveningstar of Karma {drain, Int+2 SInv} (curse)
rCold    + . .     Gourm    .   G - +0 large shield (curse)
rNeg     . . .     Faith    .   N - +6 fire dragon scales (curse)
rPois    +         Spirit   .   E - +4 helmet "Baerelel" {Str+6} (curse)
rElec    +         Reflect  .   d - +2 cloak (curse)
rCorr    .         Harm     .   y - +2 pair of gloves (curse)
MR       +++..     Clarity  +   D - +0 pair of boots
Stlth    ..........             j - amulet of the acrobat (curse)
HPRegen  0.50/turn              w - ring of the Yeti {rPois Dex+4}
MPRegen  0.18/turn              A - ring "Rats" {rElec rF+ rC++ MR+ SInv} (curse)

@: hasted, very quick
A: change form in water, swift swim, stealthy swim, clarity, clumsy 1, deformed
body, low mp 3, screaming 1, shaggy fur 1, weak 2, no potion heal 2, MP-powered
wands
0: Orb of Zot
}: 3/15 runes: decaying, serpentine, abyssal
a: Curse Item, Scrying, Transfer Knowledge, Renounce Religion


You were on level 15 of the Dungeon.
You worshipped Ashenzari.
Ashenzari was exalted by your worship.
You were very hungry.

You visited 9 branches of the dungeon, and saw 46 of its levels.
You visited the Abyss 1 time.
You also visited: Ossuary, Bailey and Wizlab.

You collected 5135 gold pieces.
You spent 3880 gold pieces at shops.

Inventory:

Hand Weapons
 Q - the cursed +7 eveningstar of Karma (weapon) {drain, Int+2 SInv}
   (You acquired it on level 1 of the Depths)

   A truly terrible weapon, it drains the life of those it strikes.
   It affects your intelligence (+2).
   It lets you see invisible.
   It has a curse placed upon it.
Armour
 d - a cursed +2 cloak (worn)
 y - a cursed +2 pair of gloves (worn)
 D - a +0 pair of boots (worn)
 E - the cursed +4 helmet "Baerelel" (worn) {Str+6}
   (You acquired it on level 2 of the Swamp)

   It affects your strength (+6).
   It has a curse placed upon it.
 G - a cursed +0 large shield (worn)
 N - cursed +6 fire dragon scales (worn)
Jewellery
 a - the ring of the Eight Curses {-Tele +Fly AC+5 Int+5}
   (You bought it in a shop on level 1 of the Snake Pit)

   [ring of protection]

   It affects your AC (+5).
   It affects your intelligence (+5).
   It lets you fly.
   It prevents most forms of teleportation.
 j - a cursed amulet of the acrobat (around neck)
 k - the ring "Ifip Woi" {rN+ Str+2 Int+3}
   (You took it off the Enchantress on level 2 of the Depths)

   [ring of strength]

   It affects your strength (+2).
   It affects your intelligence (+3).
   It protects you from negative energy.
 m - the ring "Kesicruar" {*Slow rC+++ Dex+7 Stlth-}
   (You found it on level 5 of the Depths)

   [ring of attention]

   It affects your dexterity (+7).
   It renders you almost immune to cold.
   It may slow you when you take damage.
   It makes you less stealthy.
 n - a +3 ring of dexterity
 w - the ring of the Yeti (left hand) {rPois Dex+4}
   (You bought it in a shop on level 1 of the Orcish Mines)

   [ring of poison resistance]

   It affects your dexterity (+4).
   It protects you from poison.
 A - the cursed ring "Rats" (right hand) {rElec rF+ rC++ MR+ SInv}
   (You bought it in a shop on level 1 of the Snake Pit)

   [ring of see invisible]

   It protects you from fire.
   It greatly protects you from cold.
   It insulates you from electricity.
   It affects your resistance to hostile enchantments.
   It lets you see invisible.
   It has a curse placed upon it.
Wands
 e - a wand of digging (28)
 I - a wand of iceblast (12)
 K - a wand of flame (144)
 M - a wand of enslavement (12)
 P - a wand of scattershot (7)
 R - a wand of acid (27)
 S - a wand of paralysis (23)
 T - a wand of polymorph (39)
 Y - a wand of disintegration (40)
Scrolls
 h - 4 scrolls of silence
 i - 7 scrolls of teleportation
 r - 11 scrolls of fog
 s - 9 scrolls of enchant weapon
 v - 3 scrolls of amnesia
 z - 13 scrolls of identify {@r1}
 B - 8 scrolls of remove curse {@r2}
 C - 2 scrolls of magic mapping
 F - 2 scrolls of blinking
 J - 4 scrolls of fear
 Z - a scroll of summoning
Potions
 b - 2 potions of flight
 c - 7 potions of brilliance
 l - 15 potions of curing {@q1}
 p - 4 potions of cancellation
 q - 4 potions of invisibility
 t - a potion of haste
 u - 10 potions of lignification
 H - a potion of resistance
 L - a potion of ambrosia
 W - 2 potions of magic
 X - 4 potions of agility
Miscellaneous
 U - a lightning rod (4/4)
Comestibles
 f - 14 rations


   Skills:
 * Level 25.5 Fighting
 - Level 15.4(19.4) Maces & Flails
 + Level 15.6(18.1) Armour
 + Level 25.2(27) Dodging
 + Level 19.0(21.3) Shields
 - Level 7.1 Spellcasting
 - Level 7.8(10.8) Charms
 - Level 1.2(3.1) Summonings
 - Level 3.8(6.6) Necromancy
 - Level 1.2(3.1) Translocations
 - Level 5.1(8.1) Transmutations
 - Level 2.7(5.2) Earth Magic
 - Level 5.5(8.5) Evocations


You had 24 spell levels left.
You knew the following spells:

 Your Spells              Type           Power        Failure   Level  Hunger
a - Infusion              Chrm           ####         1%          1    None
b - Song of Slaying       Chrm           #####...     1%          2    None
c - Regeneration          Chrm/Necr      ####......   3%          3    ##.....
d - Passwall              Tmut/Erth      ####....     4%          2    None
e - Apportation           Tloc           ###...       12%         1    None
f - Summon Butterflies    Summ           ###.....     12%         1    None
g - Olgreb's Toxic Radia  Pois           #.......     98%         4    ####...
h - Poisonous Vapours     Pois/Air       #.....       45%         2    None

Your spell library contained the following spells:

 Spells                   Type           Power        Failure   Level  Hunger
 Animate Skeleton         Necr           N/A          2%          1    None
 Shroud of Golubria       Chrm/Tloc      ####......   3%          2    None
 Summon Small Mammal      Summ           ###.         12%         1    None
 Spectral Weapon          Hex/Chrm       ###.....     12%         3    ##.....
 Blink                    Tloc           N/A          17%         2    None
 Call Imp                 Summ           ###.....     17%         2    None
 Confusing Touch          Hex            #.....       34%         1    None
 Flame Tongue             Conj/Fire      #....        34%         1    None
 Magic Dart               Conj           #...         34%         1    None
 Sting                    Conj/Pois      #...         34%         1    None
 Lesser Beckoning         Tloc           ###.......   34%         3    ##.....
 Slow                     Hex            #.......     45%         2    None
 Throw Flame              Conj/Fire      #.....       45%         2    None
 Conjure Flame            Conj/Fire      #.......     71%         3    ##.....
 Inner Flame              Hex/Fire       #.......     71%         3    ##.....
 Mephitic Cloud           Conj/Pois/Air  #.......     71%         3    ##.....
 Tukima's Dance           Hex            #.......     71%         3    ##.....
 Alistair's Intoxication  Tmut/Pois      ###.....     89%         5    #####..
 Irradiate                Conj/Tmut      ###.......   89%         5    #####..
 Yara's Violent Unravell  Hex/Tmut       ###.......   89%         5    #####..
 Hydra Form               Tmut           ####......   92%         6    #######
 Cause Fear               Hex            #.........   98%         4    ####...
 Sticky Flame             Conj/Fire      #.......     98%         4    ####...
 Deflect Missiles         Chrm/Air       ###.......   99%         6    #######
 Statue Form              Tmut/Erth      ####.....    99%         6    #######
 Fireball                 Conj/Fire      #.........   100%        5    #####..
 Silence                  Hex/Air        #.........   100%        5    #####..
 Venom Bolt               Conj/Pois      #.........   100%        5    #####..
 Invisibility             Hex            #.......     100%        6    #######
 Dragon Form              Tmut           ####......   100%        7    #######
 Discord                  Hex            #.........   100%        8    #######


Dungeon Overview and Level Annotations

Branches:
Dungeon (15/15)            Temple (1/1) D:4            Lair (6/6) D:10
  Swamp (4/4) Lair:2        Snake (4/4) Lair:3        Slime (0/5) Lair:6
    Orc (2/2) D:10            Elf (0/3) Orc:2        Vaults (4/5) D:13
  Crypt (0/3) Vaults:2     Depths (5/5) D:15            Zot (5/5) Depths:5

Altars:
Ashenzari
Cheibriados
Dithmenos
Elyvilon
Fedhas
Gozag
Hepliaklqana
Makhleb
Qazlal
Ru
Sif Muna
Trog
Vehumet
Wu Jian
Xom
Yredelemnul
Zin
The Shining One
Beogh
Jiyva

Shops:
D:4 *   Orc:1 =   Orc:2 ([(**   Snake:1 ==   Snake:4 *   Vaults:2 ?
Vaults:3 %   Vaults:4 %

Portals:
Hell: Depths:1 Depths:2 Depths:3 Depths:4 Depths:5
Abyss: Depths:1 Depths:2 Depths:3 Depths:4 Depths:5
Pandemonium: Depths:3 Depths:4
Ziggurat: Depths:2
Trove: D:12 (give 13 potions of heal wounds)

Annotations:
Lair:1 3 runed doors, Othekh's ghost, journeyman TrMo
Lair:6 3 runed doors, 1 exclusion
Swamp:3 exclusion: Roxanne, Roxanne
Vaults:2 3 runed doors, Bumal's ghost, veteran MfGl
Depths:3 3 runed doors, Dolin's ghost, veteran DEHu


Innate Abilities, Weirdness & Mutations

You revert to your normal form in water.
You are very nimble and swift while swimming.
You are very stealthy in the water. (Stealth+)
You possess an exceptional clarity of mind.
You are clumsy. (Dex -2)
Armour fits poorly on your strangely shaped body.
Your magical capacity is extremely low. (-30% MP)
You occasionally shout uncontrollably at your foes.
You are covered in fur. (AC +1)
You are very weak. (Str -4)
Potions are poor at restoring your health.
You expend magic power (3 MP) to strengthen your wands.


Message History

The Brimstone Fiend roars!
Okay, then.
As you read the scroll of fog, it crumbles to dust.
The scroll dissolves into smoke.
You feel yourself speed up.
Evoke which item? (* to show all) (? for menu, Esc to quit)
Aiming: Dig
Press: ? - help, Shift-Dir - straight line A rock wall.
This square is covered in magical glow.
The rock shatters into small pieces.
You feel a surge of power!
A quasit comes into view.
An Orb Guardian comes into view.
A hellion comes into view.
The Brimstone Fiend gestures at you.
The sphere of damnation explodes!
The damnation engulfs you!
* * * LOW HITPOINT WARNING * * *
The hellion gestures at you.
The sphere of damnation explodes!
The damnation engulfs you!
You die...

#..[######(######.####..#
#(.[# #..)(....1.......#
#...####................#
###.(..#................#
#..[.#..........####...
#....#...X......####{..
#....'...............{.
#....#.................
#....#@..2.............
#.###........#.........
##'#.'............######
#....#............#
#....#<...........####
#....#...............###
#....'......1..##.......
##...##.........##.......
#...........###.##.......


You could see a Brimstone Fiend, an Orb Guardian and a hellion.

Vanquished Creatures
  5 ancient liches
  5 orbs of fire
  A juggernaut (Depths:2)
  Sojobo (Vaults:4)
  Vashnia (Snake:2)
  Saint Roka (Snake:2)
  A curse toe (Zot:1)
  4 caustic shrikes
  4 golden dragons
  Jory (Vaults:2)
  3 bone dragons
  the Enchantress (Depths:2)
  7 liches
  8 electric golems
  16 tentacled monstrosities
  Asterion (Snake:3)
  A titan (Depths:4)
  24 Orb Guardians
  6 quicksilver dragons
  3 sphinxes
  4 death cobs
  A tentacled starspawn (Abyss:3)
  Kirke (D:14)
  11 shadow dragons
  12 storm dragons
  A revenant (Vaults:2)
  3 tengu reavers
  10 nagarajas
  7 draconian monks
  5 fire giants
  4 vault wardens
  2 frost giants
  8 draconian scorchers
  2 deep elf sorcerers (Vaults:2)
  3 draconian knights (Zot:1)
  An angel (Abyss:3)
  A balrug (Depths:2)
  6 ghost moths
  Louise (Depths:4)
  3 spriggan defenders
  8 ironheart preservers
  5 draconian shifters
  17 stone giants
  2 draconian stormcallers
  A war gargoyle (Vaults:4)
  6 draconian annihilators
  An entropy weaver (Vaults:3)
  22 very ugly things
  11 black draconians
  A deep elf demonologist (Vaults:2)
  13 green draconians
  10 red draconians
  9 yellow draconians
  9 purple draconians
  A dire elephant (D:15)
  9 white draconians
  8 spark wasps
  3 deep elf death magi
  9 ettins
  15 fire dragons
  A green death (WizLab)
  Josephine (Swamp:1)
  7 vault guards
  8 ice dragons
  7 yaktaur captains
  20 hydras
  10 great orbs of eyes
  12 naga warriors
  4 rakshasas
  7 spriggan air magi
  Erica (D:11)
  12 anacondas
  The ghost of Iscandelvey the Thaumaturge, a journeyman DgWz (D:13)
  An alligator (shapeshifter) (Depths:4)
  2 death knights
  A satyr (Abyss:3)
  A dancing weapon (Abyss:3)
  46 two-headed ogres
  14 centaur warriors
  14 alligators
  19 ogre magi
  5 tengu warriors
  4 orc high priests
  Urug (Lair:1)
  17 naga sharpshooters
  2 spriggan berserkers
  7 deep troll shamans
  3 thrashing horrors (Abyss:3)
  12 deep troll earth magi
  4 vampire magi
  A hell knight (Depths:1)
  Nergalle (Lair:1)
  5 deep elf knights
  6 shock serpents
  10 spriggans
  2 sun demons (Depths:2)
  A shadow wraith (Vaults:2)
  4 spriggan druids
  4 wretched stars (Abyss:3)
  2 iron trolls (Depths:4)
  A sixfirhy (Abyss:3)
  9 salamander mystics
  4 unseen horrors
  7 flayed ghosts
  7 skeletal warriors
  9 swamp dragons
  4 wizards
  An anaconda zombie (Abyss:3)
  5 glowing orange brains
  5 deep elf archers
  A lindwurm (Lair:6)
  16 deep trolls
  6 naga ritualists
  43 ugly things
  10 ironbrand convokers
  7 large abominations
  16 orc knights
  4 shambling mangroves
  5 harpies (Vaults:1)
  8 mana vipers
  4 orc sorcerers (Orc:2)
  A mana viper (shapeshifter) (D:15)
  7 deep elf magi
  2 wolf spiders
  A harpy (shapeshifter) (D:15)
  A worldbinder (Abyss:3)
  2 manticores
  A faun (shapeshifter) (Depths:1)
  7 cyclopes
  19 moths of wrath
  13 salamanders
  39 black mambas
  3 elephants (Lair:3)
  2 rust devils
  4 guardian serpents
  20 vault sentinels
  Joseph (Lair:1)
  2 molten gargoyles (Lair:6)
  2 centaur zombies
  24 naga magi
  An orange demon (WizLab)
  Psyche (D:8)
  15 spiny frogs
  A gargoyle (D:12)
  5 smoke demons (Abyss:3)
  5 spectral swamp worms (Depths:4)
  2 efreet (D:14)
  2 torpor snails
  A kobold demonologist (D:12)
  A yaktaur (shapeshifter) (Vaults:1)
  4 rime drakes
  An ice devil (WizLab)
  9 komodo dragons
  42 yaktaurs
  2 hellwings
  12 starcursed masses (Abyss:3)
  7 freezing wraiths
  2 ancient zymes (Abyss:3)
  A queen bee (Lair:1)
  10 tyrant leeches
  2 queen bees (shapeshifter)
  2 wind drakes (shapeshifter)
  A jumping spider (shapeshifter) (Vaults:3)
  19 hornets
  5 trolls
  A polar bear (Lair:4)
  A polar bear (shapeshifter) (Vaults:1)
  5 bog bodies
  48 slime creatures
  A slime creature (shapeshifter) (Depths:4)
  8 hippogriffs
  Prince Ribbit (D:5)
  7 raiju (Abyss:3)
  A meliai zombie (D:14)
  14 blink frogs
  A snapping turtle (shapeshifter) (Depths:5)
  14 dream sheep
  A hippogriff (shapeshifter) (Vaults:3)
  A ynoxinul (Abyss:3)
  14 water elementals
  13 wyverns
  A centaur simulacrum (D:14)
  9 redbacks
  A black mamba skeleton (Abyss:3)
  17 wraiths
  4 shadows
  27 yaks
  A fire elemental (Depths:1)
  A hog (shapeshifter) (Depths:3)
  4 hungry ghosts
  3 fire bats (Abyss:3)
  A golden eye (shapeshifter) (Abyss:3)
  15 chaos spawn
  A steam dragon (Lair:6)
  3 hogs (D:13)
  15 vampire mosquitoes
  4 basilisks
  3 neqoxecs (Abyss:3)
  Edmund (D:5)
  Grum (D:10)
  11 insubstantial wisps
  3 wargs
  15 small abominations
  2 soldier ants
  17 swamp worms
  An acid dragon (Vaults:2)
  70 nagas
  4 hell hounds
  9 porcupines
  11 water moccasins
  A sky beast (shapeshifter) (Depths:2)
  4 ice beasts
  2 sky beasts
  2 black bears
  50 orc warriors
  A hornet zombie (D:13)
  11 swamp drakes
  A black bear (shapeshifter) (Vaults:2)
  3 phantoms
  51 ogres
  A necrophage (D:11)
  5 boggarts
  9 wolves
  6 crocodiles
  20 centaurs
  5 big kobolds
  24 bullfrogs
  An earth elemental (Abyss:3)
  2 elf simulacra (Vaults:1)
  3 water moccasin zombies (Ossuary)
  37 killer bees
  A human simulacrum (Vaults:3)
  2 howler monkeys (D:9)
  15 wights
  2 electric eels
  4 lava snakes (Lair:6)
  9 crimson imps
  A bullfrog zombie (D:9)
  A bullfrog skeleton (D:10)
  5 jellies
  8 hounds
  18 orc priests
  3 centaur skeletons
  32 orc wizards
  3 iguanas
  7 worker ants
  5 big kobold zombies (Ossuary)
  A hound zombie (D:10)
  4 hound skeletons
  2 mummies (Ossuary)
  A howler monkey zombie (D:8)
  3 worker ant zombies
  7 gnolls
  A howler monkey skeleton (D:10)
  15 adders
  5 shadow imps
  A white imp (Depths:3)
  2 ufetubi
  An ooze (D:5)
  2 oozes (shapeshifter)
  4 adder zombies
  An adder skeleton (D:9)
  4 worms
  A dart slug (D:1)
  4 leopard geckos
  151 orcs
  11 bats
  4 giant cockroaches
  12 goblins
  5 hobgoblins
  32 kobolds
  5 quokkas
  3 ball pythons
  8 frilled lizards
  6 hobgoblin zombies (Ossuary)
  A jackal zombie (D:7)
  2 kobold zombies (Ossuary)
  A leopard gecko zombie (D:9)
  5 orc zombies (Ossuary)
  A quokka skeleton (D:4)
  8 rats
2151 creatures vanquished.

Vanquished Creatures (others)
  A tengu reaver (Vaults:4)
  A komodo dragon (Lair:6)
  A hell hound (Lair:6)
  A swamp drake (Swamp:4)
  A small abomination (Abyss:3)
  A killer bee (Lair:1)
  4 bushes (Abyss:3)
  3 demonic plants (Abyss:3)
  2 fire vortices (Abyss:3)
  9 fungi
  22 plants
  14 starspawn tentacles (Abyss:3)
60 creatures vanquished.

Grand Total: 2211 creatures vanquished

Notes
Turn   | Place    | Note
-------+----------+-------------------------------------------
     0 | D:1      | aMcNicky the Merfolk Fighter began the quest for the Orb.
     0 | D:1      | Reached XP level 1. HP: 18/18 MP: 1/1
    95 | D:1      | Reached XP level 2. HP: 24/24 MP: 2/2
   509 | D:1      | Reached XP level 3. HP: 30/30 MP: 3/3
   728 | D:2      | Reached skill level 5 in Polearms
   728 | D:2      | Reached XP level 4. HP: 16/37 MP: 4/4
  1078 | D:2      | Found a deep blue altar of Sif Muna.
  1645 | D:2      | Reached XP level 5. HP: 41/43 MP: 5/5
  2274 | D:3      | Reached skill level 1 in Dodging
  2275 | D:3      | Noticed an ice beast
  2493 | D:4      | Noticed an ogre
  2680 | D:4      | Found Wikunog's Assorted Antiques.
  2684 | D:4      | Bought a pair of gloves for 112 gold pieces
  2688 | D:4      | Noticed an orc warrior
  2931 | D:4      | Reached XP level 6. HP: 24/50 MP: 6/6
  3255 | D:4      | Reached skill level 5 in Fighting
  3770 | D:4      | Killed an orc warrior
  3770 | D:4      | Reached XP level 7. HP: 56/56 MP: 7/7
  3811 | D:4      | Found a stormy altar of Qazlal.
  3829 | D:4      | Found a staircase to the Ecumenical Temple.
  3840 | Temple   | Entered the Ecumenical Temple
  3921 | Temple   | Became a worshipper of Ashenzari the Shackled
  4173 | D:5      | Entered Level 5 of the Dungeon
  4434 | D:5      | Noticed Prince Ribbit
  4438 | D:5      | Killed Prince Ribbit
  4609 | D:5      | Noticed Edmund
  4616 | D:5      | Reached XP level 8. HP: 63/64 MP: 8/8
  4679 | D:5      | Killed Edmund
  4679 | D:5      | Reached skill level 5 in Dodging
  5200 | D:6      | Found a hazy altar of Hepliaklqana.
  5286 | D:6      | Found a blossoming altar of Fedhas.
  5320 | D:6      | Found a sand-covered staircase.
  5327 | Ossuary  | Entered an ossuary
  6113 | D:6      | Identified the cursed +0 chain mail of Broken Taboos {MR+
                  | Int+2}
  6384 | D:6      | Reached XP level 9. HP: 72/72 MP: 9/9
  6706 | D:6      | Reached skill level 10 in Polearms
  7625 | D:7      | Reached * piety under Ashenzari
  8370 | D:8      | Noticed a two-headed ogre
  8857 | D:8      | Noticed Psyche
  8863 | D:8      | Killed Psyche
  8863 | D:8      | Reached XP level 10. HP: 69/82 MP: 10/10
  9223 | D:8      | Found a burning altar of Makhleb.
 10019 | D:9      | Reached ** piety under Ashenzari
 10515 | D:10     | Entered Level 10 of the Dungeon
 10515 | D:10     | Noticed Grum
 10846 | D:10     | Noticed a two-headed ogre
 10907 | D:10     | Killed a two-headed ogre
 10907 | D:10     | Reached skill level 10 in Dodging
 11287 | D:10     | Reached skill level 10 in Fighting
 11544 | D:9      | Reached skill level 5 in Armour
 11790 | D:10     | Killed Grum
 11915 | D:10     | Found a staircase to the Lair.
 11918 | D:10     | Reached XP level 11. HP: 76/91 MP: 11/11
 12479 | D:10     | Found a staircase to the Orcish Mines.
 12585 | Lair:1   | Entered Level 1 of the Lair of Beasts
 12631 | Lair:1   | Noticed Joseph
 12650 | Lair:1   | Killed Joseph
 13723 | Lair:1   | Reached *** piety under Ashenzari
 13862 | Lair:1   | Noticed Urug
 13900 | Lair:1   | Killed Urug
 14227 | Lair:1   | Found a runed gate.
 14227 | Lair:1   | Found a runed gate.
 14227 | Lair:1   | Found a runed gate.
 14227 | Lair:1   | Noticed a death ooze
 14227 | Lair:1   | Noticed Othekh's ghost (journeyman TrMo)
 14358 | Lair:1   | Noticed Nergalle
 14394 | Lair:1   | Killed Nergalle
 14604 | Lair:1   | Found a viscous altar of Jiyva.
 14977 | D:8      | Killed a two-headed ogre
 14977 | D:8      | Reached XP level 12. HP: 91/100 MP: 12/12
 15527 | Lair:2   | Reached skill level 15 in Polearms
 16108 | Lair:2   | Found a staircase to the Swamp.
 16920 | Lair:3   | Identified the cursed +1 robe of the Vacuum {*Contam rN+
                  | Str+3}
 17230 | Lair:3   | Found a staircase to the Snake Pit.
 17241 | Lair:3   | Reached **** piety under Ashenzari
 18194 | Lair:4   | Reached XP level 13. HP: 109/109 MP: 13/13
 19211 | Lair:5   | Reached ***** piety under Ashenzari
 19714 | Lair:6   | Entered Level 6 of the Lair of Beasts
 19956 | Lair:6   | Found a runed door.
 19957 | Lair:6   | Found a viscous altar of Jiyva.
 19960 | Lair:6   | Found a staircase to the Slime Pits.
 20401 | Lair:6   | Reached skill level 1 in Evocations
 20402 | Lair:6   | Reached skill level 1 in Spellcasting
 20876 | Lair:6   | Found a large runed door.
 20951 | Lair:6   | Noticed a fire dragon
 21333 | Lair:6   | Found a large runed door.
 21739 | Lair:3   | Identified the +8 mace "Atiemicu" {drain, *Contam rN++ MP+9
                  | SInv}
 21887 | Orc:1    | Entered Level 1 of the Orcish Mines
 22115 | Orc:1    | Learned a level 1 spell: Infusion
 22118 | Orc:1    | Learned a level 2 spell: Song of Slaying
 22122 | Orc:1    | Learned a level 3 spell: Regeneration
 22264 | Orc:1    | Found Zoips's Jewellery Shoppe.
 22409 | Orc:2    | Entered Level 2 of the Orcish Mines
 22562 | Orc:2    | Reached XP level 14. HP: 119/119 MP: 18/18
 22638 | Orc:2    | Found a staircase to the Elven Halls.
 22709 | Orc:2    | Found Goomosh's General Store.
 22717 | Orc:2    | Bought a scroll of identify for 30 gold pieces
 23003 | Orc:2    | Reached skill level 15 in Dodging
 23283 | Orc:2    | Reached skill level 1 in Charms
 24219 | D:11     | Noticed Erica
 24228 | D:11     | Killed Erica
 24972 | D:12     | Found a portal to a secret trove of treasure.
 25270 | D:12     | Found a flagged portal.
 25285 | Bailey   | Entered a bailey
 27287 | D:13     | Found a runed gate.
 27287 | D:13     | Found a runed gate.
 27291 | D:13     | Found a runed gate.
 27292 | D:13     | Noticed Iscandelvey's ghost (journeyman DgWz)
 27446 | D:13     | Killed Iscandelvey's ghost
 27512 | D:13     | Identified the Volume of Changing
 27556 | D:13     | Reached skill level 1 in Maces & Flails
 28247 | D:13     | Found a gate to the Vaults.
 28304 | D:13     | Reached skill level 15 in Fighting
 28354 | D:13     | Found a roughly hewn altar of Beogh.
 28512 | D:13     | Found a snail-covered altar of Cheibriados.
 28530 | D:13     | Reached XP level 15. HP: 129/129 MP: 21/21
 28534 | D:13     | Learned a level 2 spell: Passwall
 28659 | D:13     | Identified the +12 flail "Gaofitah" {elec, +Blink +Inv rC++
                  | Int-3} (You took it off a centaur on level 13 of the
                  | Dungeon)
 28717 | D:13     | Reached skill level 1 in Transmutations
 28837 | D:12     | Identified a scroll of acquirement
 29081 | D:14     | Noticed Kirke
 29218 | D:14     | Identified the +3 halberd "Death Rattle" {elec, Dex+5 SInv}
 29250 | D:14     | Reached skill level 5 in Maces & Flails
 29253 | D:14     | Reached skill level 1 in Earth Magic
 29279 | D:14     | Reduced skill Polearms to level 15
 29960 | D:14     | Killed Kirke
 31118 | Orc:2    | Found Enwet's Antique Weapon Boutique.
 31186 | Orc:2    | Found Enylliaf's Armour Emporium.
 31192 | Orc:2    | Found Nopamp's Antique Weapon Emporium.
 31194 | Orc:2    | Found Deuwegh's Assorted Antiques.
 31237 | Orc:2    | Bought a scroll of identify for 56 gold pieces
 31237 | Orc:2    | Bought a scroll of identify for 56 gold pieces
 31950 | Orc:1    | Bought the ring of the Yeti {rPois Dex+4} for 566 gold
                  | pieces
 32125 | Snake:1  | Entered Level 1 of the Snake Pit
 32308 | Snake:1  | Found Viguzo's Jewellery Shop.
 32308 | Snake:1  | Found Ocaakes's Jewellery Boutique.
 32316 | Snake:1  | Bought the ring "Rats" {rElec rF+ rC++ MR+ SInv} for 1122
                  | gold pieces
 32513 | Snake:1  | Reached skill level 10 in Maces & Flails
 32597 | Snake:1  | Reduced skill Polearms to level 10
 33531 | D:15     | Entered Level 15 of the Dungeon
 33923 | D:15     | Reached skill level 1 in Necromancy
 34213 | D:15     | Found a staircase to the Depths.
 34291 | D:15     | Reached skill level 5 in Shields
 34563 | D:15     | Reached XP level 16. HP: 74/138 MP: 22/22
 35680 | D:15     | Found a roughly hewn altar of Beogh.
 35937 | D:15     | Reached skill level 5 in Charms
 35939 | D:15     | Reached skill level 5 in Transmutations
 35951 | D:15     | Reached skill level 5 in Spellcasting
 37317 | Snake:2  | Found a shattered altar of Ashenzari.
 37322 | Snake:2  | Noticed Saint Roka
 37369 | Snake:2  | Killed Saint Roka
 38286 | Snake:2  | Identified the +1 robe of Life {rF+++ Str-3 Dex+7}
 38515 | Snake:2  | Reduced skill Polearms to level 5
 38631 | Snake:2  | Noticed Vashnia
 38664 | Snake:2  | Killed Vashnia
 39706 | Snake:3  | Reached XP level 17. HP: 144/144 MP: 26/26
 40419 | Snake:3  | Noticed Asterion
 40454 | Snake:3  | Killed Asterion
 41520 | Snake:4  | Entered Level 4 of the Snake Pit
 41615 | Snake:4  | Found Reegae's Assorted Antiques.
 42564 | Snake:4  | Bought a scroll of enchant armour for 247 gold pieces
 45939 | Snake:4  | Reached XP level 18. HP: 143/153 MP: 28/28
 46142 | Snake:4  | Reached skill level 10 in Shields
 47047 | Snake:4  | Got a serpentine rune of Zot
 48651 | Swamp:1  | Entered Level 1 of the Swamp
 49471 | Swamp:1  | Noticed Josephine
 49488 | Swamp:1  | Killed Josephine
 50107 | Swamp:2  | Reached skill level 10 in Armour
 50107 | Swamp:2  | Reached XP level 19. HP: 161/161 MP: 29/29
 50110 | Swamp:2  | Identified the cursed +4 helmet "Baerelel" {Str+6} (You
                  | acquired it on level 2 of the Swamp)
 51318 | Swamp:3  | Noticed Roxanne
 51685 | Swamp:4  | Entered Level 4 of the Swamp
 52087 | Swamp:4  | Reached XP level 20. HP: 161/168 MP: 30/30
 52367 | Swamp:4  | Paralysed by a hornet for 2 turns
 52526 | Swamp:4  | Got a decaying rune of Zot
 52893 | Depths:1 | Entered Level 1 of the Depths
 53062 | Depths:1 | Found a one-way gate to the infinite horrors of the Abyss.
 53415 | Depths:1 | Reached ****** piety under Ashenzari
 54457 | Depths:1 | Found a huge runed gate.
 54457 | Depths:1 | Found a huge runed gate.
 54458 | Depths:1 | Found a huge runed gate.
 54462 | Depths:1 | Found a huge runed gate.
 54469 | Depths:1 | Found a huge runed gate.
 54474 | Depths:1 | Found a huge runed gate.
 54474 | Depths:1 | Found a huge runed gate.
 54474 | Depths:1 | Found a huge runed gate.
 54475 | Depths:1 | Found a huge runed gate.
 54476 | Depths:1 | Found a huge runed gate.
 54477 | Depths:1 | Found a huge runed gate.
 54478 | Depths:1 | Found a huge runed gate.
 54479 | Depths:1 | Found a huge runed gate.
 54480 | Depths:1 | Found a huge runed gate.
 54481 | Depths:1 | Found a huge runed gate.
 54483 | Depths:1 | Found a huge runed gate.
 54486 | Depths:1 | Identified the cursed +7 eveningstar of Karma {drain, Int+2
                  | SInv} (You acquired it on level 1 of the Depths)
 54521 | Depths:1 | Found a huge runed gate.
 54521 | Depths:1 | Found a huge runed gate.
 54521 | Depths:1 | Found a huge runed gate.
 54576 | Depths:1 | Found a gateway to Hell.
 54674 | Depths:1 | Found a huge runed gate.
 54674 | Depths:1 | Found a huge runed gate.
 54676 | Depths:1 | Found a huge runed gate.
 54677 | Depths:1 | Found a huge runed gate.
 54679 | Depths:1 | Found a huge runed gate.
 54719 | Depths:1 | Found a huge runed gate.
 54720 | Depths:1 | Found a huge runed gate.
 54728 | Depths:1 | Found a huge runed gate.
 54728 | Depths:1 | Found a huge runed gate.
 54728 | Depths:1 | Found a huge runed gate.
 54728 | Depths:1 | Found a huge runed gate.
 54728 | Depths:1 | Found a huge runed gate.
 54894 | Vaults:1 | Entered Level 1 of the Vaults
 55834 | Vaults:1 | Reached XP level 21. HP: 170/177 MP: 31/31
 56134 | D:4      | Bought a potion of heal wounds for 125 gold pieces
 56134 | D:4      | Bought a hardcover book for 375 gold pieces
 56134 | D:4      | Bought a dog-eared hardcover book for 375 gold pieces
 56136 | D:4      | Learned a level 1 spell: Apportation
 56138 | D:4      | Learned a level 1 spell: Summon Butterflies
 56143 | D:4      | Learned a level 4 spell: Olgreb's Toxic Radiance
 56146 | D:4      | Learned a level 2 spell: Poisonous Vapours
 57672 | Vaults:2 | Found Zekame's Magic Scroll Boutique.
 57683 | Vaults:2 | Reached skill level 1 in Poison Magic
 57689 | Vaults:2 | Bought a scroll of remove curse for 36 gold pieces
 57689 | Vaults:2 | Bought a scroll of enchant armour for 90 gold pieces
 57801 | Vaults:2 | Reached skill level 1 in Translocations
 57810 | Vaults:2 | Reached skill level 1 in Summonings
 58247 | Vaults:2 | Identified the cursed +1 plate armour of Jecvetarch {-Tele
                  | Regen+ Dex+6 Slay+3}
 58248 | Vaults:2 | Noticed Bumal's ghost (veteran MfGl)
 58249 | Vaults:2 | Found a runed gate.
 58249 | Vaults:2 | Found a runed gate.
 58249 | Vaults:2 | Found a runed gate.
 58664 | Vaults:2 | Found a staircase to the Crypt.
 59658 | Vaults:3 | Paralysed by an ogre mage for 2 turns
 59722 | Vaults:3 | Noticed Jory
 60080 | Vaults:2 | Killed Jory
 60776 | Vaults:3 | Reached skill level 5 in Poison Magic
 61124 | Vaults:3 | Found Ozxo's Food Boutique.
 61205 | Vaults:3 | Reached skill level 15 in Maces & Flails
 61302 | Vaults:3 | Reached XP level 22. HP: 155/186 MP: 32/32
 62059 | Vaults:4 | Found a magical portal.
 62070 | WizLab   | Entered The Hall of the Hellbinder
 62135 | WizLab   | Gained mutation: You are frail. (-10% HP) [a cacodemon]
 62673 | Vaults:4 | Noticed Sojobo
 63089 | Vaults:4 | Killed Sojobo
 64033 | Vaults:4 | Found Tevuf's Food Shoppe.
 64623 | Depths:2 | Noticed the Enchantress
 65729 | Depths:2 | Noticed a caustic shrike
 65752 | Depths:2 | Killed a caustic shrike
 65752 | Depths:2 | Reached XP level 23. HP: 162/176 MP: 33/33
 65804 | Depths:2 | Found a gateway to a ziggurat.
 66093 | Depths:2 | Killed the Enchantress
 66093 | Depths:2 | Identified the ring "Ifip Woi" {rN+ Str+2 Int+3} (You took
                  | it off the Enchantress on level 2 of the Depths)
 66093 | Depths:2 | Identified the +0 faerie dragon scales {*Slow rCorr Str+9
                  | Int+2 Stlth-} (You took it off the Enchantress on level 2
                  | of the Depths)
 66438 | Depths:2 | Identified the ring of Contentment {Wiz Dex+4}
 66517 | Depths:2 | Noticed a juggernaut
 66592 | Depths:2 | Killed a juggernaut
 66801 | Depths:2 | Identified the +6 spear "Conservator" {pierce, rElec}
 67244 | Depths:3 | Identified the cursed +0 hunting sling of Earthquakes
                  | {flame, Str+2}
 68165 | Depths:3 | Noticed a juggernaut
 68201 | Depths:3 | Found a one-way gate leading to the halls of Pandemonium.
 68248 | Depths:3 | Found a runed gate.
 68249 | Depths:3 | Found a runed gate.
 68250 | Depths:3 | Found a runed gate.
 68250 | Depths:3 | Noticed Dolin's ghost (veteran DEHu)
 68254 | Depths:3 | Identified the +2 robe of Generosity {rPois}
 68471 | Depths:4 | Reached skill level 5 in Evocations
 68491 | Depths:4 | Reached skill level 15 in Shields
 68704 | Depths:4 | Noticed Louise
 68721 | Depths:4 | Killed Louise
 68774 | Depths:4 | Found a shattered altar of Ashenzari.
 69566 | Depths:4 | Identified the +2 buckler of Wyhet {*Slow +Blink Int-3
                  | SInv} (You took it off a skeletal warrior on level 2 of the
                  | Vaults)
 69889 | Snake:1  | Bought the ring of the Eight Curses {-Tele +Fly AC+5 Int+5}
                  | for 690 gold pieces
 70203 | Depths:5 | Entered Level 5 of the Depths
 70504 | Depths:4 | Reached XP level 24. HP: 184/185 MP: 33/33
 70658 | Depths:5 | Identified the ring "Kesicruar" {*Slow rC+++ Dex+7 Stlth-}
 71430 | Depths:5 | Found a gate to the Realm of Zot.
 72083 | Depths:5 | Noticed a caustic shrike
 72083 | Depths:5 | Noticed a caustic shrike
 72092 | Depths:5 | Noticed a caustic shrike
 72116 | Depths:5 | Killed a caustic shrike
 72131 | Depths:5 | Killed a caustic shrike
 72140 | Depths:5 | Killed a caustic shrike
 72707 | Depths:5 | Voluntarily entered the Abyss.
 72730 | Abyss:1  | Identified the +9 hand crossbow "Demonbane" {freeze, rN+
                  | Int+3 Dex+4}
 72737 | Abyss:1  | Found a corrupted altar of Lugonu.
 72976 | Abyss:3  | Found a corrupted altar of Lugonu.
 73156 | Abyss:3  | Gained mutation: Scrolls take you a little longer to read.
                  | [a neqoxec]
 73157 | Abyss:3  | Gained mutation: You are clumsy. (Dex -2) [a neqoxec]
 73451 | Abyss:3  | Gained mutation: You are very frail. (-20% HP) [a neqoxec]
 73612 | Abyss:3  | Paralysed by accursed screaming for 1 turns
 73640 | Abyss:3  | Gained mutation: Your flesh is cold resistant. (rC+) [a
                  | neqoxec]
 73742 | Abyss:3  | Noticed an ancient lich
 73748 | Abyss:3  | Killed an ancient lich
 73763 | Abyss:3  | Got an abyssal rune of Zot
 73788 | Abyss:3  | Noticed an ancient lich
 73865 | Abyss:3  | Found a corrupted altar of Lugonu.
 73915 | Abyss:3  | Reached XP level 25. HP: 173/173 MP: 29/33
 74015 | Depths:5 | Escaped the Abyss
 74036 | Depths:5 | Lost mutation: Scrolls take you a little longer to read.
                  | [potion of mutation]
 74036 | Depths:5 | Lost mutation: You are very frail. (-20% HP) [potion of
                  | mutation]
 74036 | Depths:5 | Gained mutation: Your flesh is very cold resistant. (rC++)
                  | [potion of mutation]
 74039 | Depths:5 | Lost mutation: You are frail. (-10% HP) [potion of
                  | mutation]
 74039 | Depths:5 | Lost mutation: You are clumsy. (Dex -2) [potion of
                  | mutation]
 74039 | Depths:5 | Gained mutation: You are agile. (Dex +2) [potion of
                  | mutation]
 74039 | Depths:5 | Gained mutation: You expend magic power (3 MP) to
                  | strengthen your wands. [potion of mutation]
 74176 | Zot:1    | Entered Level 1 of the Realm of Zot
 74536 | Zot:1    | HP: 2/218 [deathcap/drain life[a curse toe] (16)]
 74559 | Zot:1    | HP: 10/218 [??? (7)]
 79242 | Zot:3    | Reached XP level 26. HP: 229/229 MP: 33/33
 80861 | Zot:5    | Entered Level 5 of the Realm of Zot
 81106 | Zot:5    | Noticed an ancient lich
 81288 | Zot:5    | Noticed an ancient lich
 81291 | Zot:5    | Noticed an orb of fire
 81342 | Zot:5    | Noticed an orb of fire
 81533 | Zot:5    | Noticed an ancient lich
 81567 | Zot:4    | Reached skill level 15 in Armour
 81661 | Zot:5    | Killed an ancient lich
 82058 | Zot:5    | Killed an ancient lich
 82139 | Zot:5    | Gained mutation: Armour fits poorly on your strangely
                  | shaped body. [an orb of fire]
 82160 | Zot:5    | Gained mutation: Your magical capacity is low. (-10% MP)
                  | [an orb of fire]
 82163 | Zot:5    | Gained mutation: Your magical capacity is very low. (-20%
                  | MP) [an orb of fire]
 82350 | Zot:5    | Gained mutation: You are frail. (-10% HP) [an orb of fire]
 82352 | Zot:4    | Gained mutation: You are occasionally teleported next to
                  | monsters. [an orb of fire]
 82380 | Zot:4    | Lost mutation: You are agile. (Dex +2) [an orb of fire]
 82382 | Zot:4    | Killed an orb of fire
 82382 | Zot:4    | Reached XP level 27. HP: 121/216 MP: 6/26
 82589 | Zot:4    | Lost mutation: You are frail. (-10% HP) [potion of
                  | mutation]
 82589 | Zot:4    | Lost mutation: Your flesh is very cold resistant. (rC++)
                  | [potion of mutation]
 82589 | Zot:4    | Lost mutation: Armour fits poorly on your strangely shaped
                  | body. [potion of mutation]
 82589 | Zot:4    | Lost mutation: You are occasionally teleported next to
                  | monsters. [potion of mutation]
 82589 | Zot:4    | Gained mutation: You possess an exceptional clarity of
                  | mind. [potion of mutation]
 82589 | Zot:4    | Lost mutation: Your flesh is cold resistant. (rC+) [potion
                  | of mutation]
 82589 | Zot:4    | Gained mutation: Your mind is acute. (Int +2) [potion of
                  | mutation]
 82589 | Zot:4    | Lost mutation: Your magical capacity is very low. (-20% MP)
                  | [potion of mutation]
 83223 | Zot:5    | Noticed an orb of fire
 83415 | Zot:5    | Killed an ancient lich
 83494 | Zot:5    | Noticed an orb of fire
 83502 | Zot:5    | Gained mutation: Potions are less effective at restoring
                  | your health. [an orb of fire]
 83503 | Zot:5    | Lost mutation: Your mind is acute. (Int +2) [an orb of
                  | fire]
 83510 | Zot:5    | Gained mutation: You are covered in fur. (AC +1) [an orb of
                  | fire]
 83511 | Zot:5    | Gained mutation: Your magical capacity is very low. (-20%
                  | MP) [an orb of fire]
 83518 | Zot:5    | Killed an orb of fire
 83721 | Zot:5    | Noticed an ancient lich
 83738 | Zot:5    | Killed an ancient lich
 84061 | Zot:5    | Gained mutation: Armour fits poorly on your strangely
                  | shaped body. [an orb of fire]
 84066 | Zot:5    | Gained mutation: You are weak. (Str -2) [an orb of fire]
 84089 | Zot:5    | Killed an orb of fire
 84643 | Zot:5    | Noticed an orb of fire
 84655 | Zot:5    | Gained mutation: You occasionally shout uncontrollably at
                  | your foes. [an orb of fire]
 84656 | Zot:5    | Gained mutation: Your magical capacity is extremely low.
                  | (-30% MP) [an orb of fire]
 84678 | Zot:5    | Killed an orb of fire
 84835 | Zot:5    | Gained mutation: You are very weak. (Str -4) [an orb of
                  | fire]
 84840 | Zot:5    | Gained mutation: Potions are poor at restoring your health.
                  | [an orb of fire]
 84846 | Zot:5    | Gained mutation: You are clumsy. (Dex -2) [an orb of fire]
 84851 | Zot:5    | Killed an orb of fire
 85175 | Zot:5    | Got the Orb of Zot
 85502 | D:15     | Killed from afar by a hellion

Skill      XL: |  1  2  3  4  5  6  7  8  9 10 11 12 13 14 15 16 17 18 19 20 21 22 23 24 25 26 27 |
---------------+----------------------------------------------------------------------------------+-----
Polearms       | 4 5 6 7 8 9 11 12 14 15 17 9 4 0 |  0.0
Fighting       | 4 5 6 7 8 10 11 12 13 15 16 17 18 19 20 22 23 24 25 | 25.5
Dodging        | 1 3 4 6 8 10 12 13 14 15 16 17 18 19 20 21 22 23 24 25 | 25.2
Armour         | 3 4 5 6 7 8 9 10 11 12 13 14 15 | 15.6
Evocations     | 2 4 5 |  5.5
Spellcasting   | 2 4 6 7 |  7.1
Charms         | 3 4 6 7 |  7.8
Maces & Flails | 2 10 11 12 13 14 15 | 15.4
Transmutations | 4 5 |  5.1
Earth Magic    | 2 |  2.7
Shields        | 5 8 9 11 12 13 14 15 16 18 19 | 19.0
Necromancy     | 1 2 3 |  3.8
Poison Magic   | 5 0 |  0.0
Translocations | 1 |  1.2
Summonings     | 1 |  1.2

Action                   |  1- 3 |  4- 6 |  7- 9 | 10-12 | 13-15 | 16-18 | 19-21 | 22-24 | 25-27 || total
-------------------------+-------+-------+-------+-------+-------+-------+-------+-------+-------++-------
Melee: Trident           |   151 |   306 |   415 |       |       |       |       |       |       ||   872
       Halberd           |       |       |   196 |   949 |  1131 |       |       |       |       ||  2276
       Tailslap          |       |       |       |     7 |       |    15 |    91 |     8 |     2 ||   123
       Flail             |       |       |       |       |   462 |  1340 |   693 |       |       ||  2495
       Eveningstar       |       |       |       |       |       |       |   927 |  2032 |  1631 ||  4590
Throw: Stone             |    12 |     8 |     5 |       |    11 |       |       |       |       ||    36
 Cast: Song of Slaying   |       |       |       |       |       |     5 |    14 |     3 |       ||    22
       Infusion          |       |       |       |       |       |     1 |     1 |       |       ||     2
       Regeneration      |       |       |       |       |       |       |     4 |     9 |    10 ||    23
       Olgreb's Toxic Ra |       |       |       |       |       |       |     2 |     2 |       ||     4
       Poisonous Vapours |       |       |       |       |       |       |     1 |       |       ||     1
       Apportation       |       |       |       |       |       |       |       |     2 |     1 ||     3
Invok: Curse Item        |       |       |     4 |     1 |     2 |     3 |     2 |     1 |       ||    13
       Transfer Knowledg |       |       |       |       |     2 |     1 |       |     1 |     1 ||     5
       Scrying           |       |       |       |       |       |       |     2 |     2 |    11 ||    15
Evoke: Wand              |       |     1 |    12 |    17 |    19 |    22 |     8 |     8 |    21 ||   108
       Lightning rod     |       |       |       |       |     6 |       |     4 |     5 |     3 ||    18
       Phantom mirror    |       |       |       |       |     1 |       |       |       |       ||     1
  Use: Potion            |     1 |     1 |       |     8 |     7 |     8 |     2 |    13 |    10 ||    50
       Scroll            |       |     6 |     6 |     5 |    18 |    16 |    13 |    10 |     8 ||    82
 Stab: Confused          |       |       |       |       |       |       |     1 |       |       ||     1
       Invisible         |       |       |       |       |       |       |       |     2 |       ||     2
       Petrified         |       |       |       |       |       |       |       |     2 |       ||     2
  Eat: Chunk             |       |    10 |    10 |    20 |    23 |    10 |    22 |    24 |    17 ||   136
       Ration            |       |       |     2 |     3 |     9 |    12 |     4 |     6 |     6 ||    42
Armor: Scale mail        |    78 |    81 |   136 |   159 |       |       |       |       |       ||   454
       Chain mail        |       |       |       |    31 |   256 |   262 |   121 |       |       ||   670
       Fire dragon scale |       |       |       |       |       |       |   144 |   369 |   267 ||   780
Dodge: Dodged            |    43 |    69 |   237 |   529 |   895 |   606 |  1009 |  1138 |   949 ||  5475
Block: Shield            |    77 |    27 |       |       |   180 |   583 |   826 |   671 |       ||  2364
       Buckler           |       |    50 |    84 |       |       |       |       |       |       ||   134
       Large shield      |       |       |       |       |       |       |       |   756 |  1295 ||  2051
